 Dungeon Crawl Stone Soup version 0.29-a0-723-gce39da1c22 (webtiles) character file.

Game seed: 10006386640753793235

27 kae the Chopper (level 3, -5/31 HPs)
             Began as a Hill Orc Fighter on June 28, 2022.
             Engulfed by a cloud of flame (23 damage)
             ... on level 2 of the Dungeon.
             The game lasted 00:00:45 (1077 turns).

kae the Chopper (Hill Orc Fighter)                  Turns: 1077, Time: 00:00:46

Health: -5/31      AC:  6    Str: 20    XL:     3   Next: 10%
Magic:  3/3        EV:  9    Int:  8    God:
Gold:   29         SH:  4    Dex: 10    Spells: 2/2 levels left

rFire   . . .      SeeInvis .   a - +0 war axe
rCold   . . .      Faith    .   c - +0 buckler
rNeg    . . .      Spirit   .   b - +0 scale mail
rPois   .          Reflect  .   (no helmet)
rElec   .          Harm     .   (no cloak)
rCorr   .          Rampage  .   (no gloves)
Will    .....                   (no boots)
Stlth   ..........              (no amulet)
HPRegen 0.10/turn               (no ring)
MPRegen 0.08/turn               (no ring)

@: no status effects
A: no striking features
a: no special abilities


You were on level 2 of the Dungeon.
You visited 1 branch of the dungeon, and saw 2 of its levels.

You collected 29 gold pieces.


   Skills:
 - Level 3.6 Fighting
 + Level 4.7 Axes
 - Level 3.2 Armour
 - Level 3.2 Shields


You had 2 spell levels left.
You didn't know any spells.
Your spell library contained the following spells:

 Spells                   Type           Power      Damage    Failure   Level
 Apportation              Tloc           0%         N/A       85%         1
 Necrotize                Necr           0%         1d4       85%         1
 Summon Small Mammal      Summ           0%         N/A       85%         1

Inventory:

Hand Weapons
 a - a +0 war axe (weapon)
 j - a +0 broad axe
   (You found it on level 1 of the Dungeon)
Missiles
 f - 9 stones (quivered)
 l - 4 javelins
Armour
 b - a +0 scale mail (worn)
 c - a +0 buckler (worn)
 h - a +0 robe
   (You found it on level 1 of the Dungeon)
 m - a +0 robe
   (You found it on level 1 of the Dungeon)
Potions
 d - a potion of might
 e - a potion of brilliance {unknown}
 i - a potion of haste {unknown}
 k - a potion of cancellation {unknown}
 n - a potion of curing {unknown}

Dungeon Overview and Level Annotations

Branches:
Dungeon (2/15) Zot: 10897

Altars:

# #.##+### .
###..@<ยง.###$...
#...$ยงยงยง.......#
#.##.##......... #
#. #.....##.. ..
#........ ...
..........
##...#.........
##.####...##.. ...#
.#


There were no monsters in sight!


Message History

The frilled lizard barely misses you.
You miss the frilled lizard.
The frilled lizard bites you but does no damage.
A frilled lizard is nearby!
You barely miss the frilled lizard. The frilled lizard bites you.
You closely miss the frilled lizard.
The frilled lizard closely misses you. ๐Ÿ˜• HP[-1]
You take 1 damage, and now have 30/31 hp.
A frilled lizard is nearby!
You miss the frilled lizard. The frilled lizard barely misses you.
The frilled lizard closely misses you.
You closely miss the frilled lizard.
The frilled lizard misses you. ๐Ÿ˜Ž HP[+1]
Your hp is fully restored (31).
A frilled lizard is nearby!
You barely miss the frilled lizard. The frilled lizard bites you.
You miss the frilled lizard.
The frilled lizard bites you but does no damage. ๐Ÿ˜• HP[-2]
You take 2 damage, and now have 29/31 hp.
A frilled lizard is nearby!
You miss the frilled lizard. The frilled lizard barely misses you.
The frilled lizard misses you.
You slash the frilled lizard!
You kill the frilled lizard!
You see here a +0 spear.
Key pressed, stopping explore.
No target in view!
No target in view! ๐Ÿ˜Ž HP[+2]
Your hp is fully restored (31).
You now have 29 gold pieces (gained 7).
n - a cyan potion No target in view!
No target in view!
Key pressed, stopping explore.
No target in view!
No target in view!
A bat comes into view.
The bat closely misses you.
You closely miss the bat. The bat closely misses you. The bat hits you.
You miss the bat. The bat hits you but does no damage.
The bat hits you. ๐Ÿ˜• HP[-1]
You take 1 damage, and now have 30/31 hp.
A bat is nearby!
A bat is nearby!
You barely miss the bat. The bat barely misses you.
The bat hits you but does no damage. The bat completely misses you.
You barely miss the bat. The bat barely misses you. The bat misses you.
The bat barely misses you.
A bat is nearby!
You miss the bat. You block the bat's attack. The bat closely misses you.
You hit the bat.
You kill the bat!
No target in view!
No target in view!
You see here a bat corpse.
Done exploring. ๐Ÿ˜Ž HP[+1]
Your hp is fully restored (31).
Done exploring.
No target in view!
No target in view!
Done exploring.
No target in view!
No target in view!
Done exploring.
(D) Dungeon
Where to? (Enter - D:1 @ (x,y), ? - help)
You see here a +0 club.
You see here a +0 dagger.
There is a stone staircase leading down here.
You climb downwards.
The goblin shouts!
You hear an angry hiss.
There is a stone staircase leading up here.
A goblin is nearby!
Okay, then.
You aren't carrying any pieces of jewellery.
Unknown command.
As you read the scroll labelled MALAB ECOUREXA, it crumbles to dust.
The creatures around you are filled with an inner flame!
It was a scroll of immolation.
Unknown command.
A goblin is nearby!
A goblin is nearby!
The goblin hits you but does no damage.
A goblin is nearby!
You closely miss the goblin. The goblin closely misses you.
You barely miss the goblin.
The goblin hits you with a +0 club. ๐Ÿ˜• HP[-1]
You take 1 damage, and now have 30/31 hp.
A goblin is nearby!
The goblin attacks as you move away! You block the goblin's attack.
The goblin attacks as you move away! You block the goblin's attack.
There is a stone staircase leading up here.
You slash the goblin!
The goblin explodes!
The fiery explosion engulfs you!
You are engulfed in blazing flames.
Ouch! That really hurt!
You die...

Skill      XL: |  1  2 |
---------------+-------+-----
Axes           | 3 4 |  4.7
Fighting       | |  3.6
Armour         | |  3.2
Shields        | |  3.2

Action                   || total
-------------------------++-------
Melee: War axe           ||    77
  Use: Scroll            ||     1
Armor: Scale mail        ||    34
Dodge: Dodged            ||    53
Block: Buckler           ||    20

Levels and vault maps discovered:
D:1:      tarquinn_simple_flora_water_f, layout_loops_ring,
          hellmonk_ecumenical_altar_leap_of_faith,
          minmay_misc_feat_secret_circle, grunt_decor_fettered
D:2:      cheibrodos_helix_gallery, layout_loops_ring, serial_shops,
          nicolae_shop_behind_doors, uniq_jessica, uniq_terence

Notes
Turn   | Place    | Note
-------+----------+-------------------------------------------
     0 | D:1      | kae the Hill Orc Fighter began the quest for the Orb.
     0 | D:1      | Reached XP level 1. HP: 19/19 MP: 1/1
     0 | D:1      | magus.rc [v1.11.3]
    47 | D:1      | Reached skill level 3 in Axes
    95 | D:1      | You pick up a book of Cantrips and begin reading...
    95 | D:1      | You add the spells Necrotize, Summon Small Mammal and
                  | Apportation to your library.
   165 | D:1      | Reached XP level 2. HP: 25/26 MP: 2/2
   287 | D:1      | Reached skill level 4 in Axes
   535 | D:1      | Reached XP level 3. HP: 19/31 MP: 3/3
   729 | D:1      | Found a faded altar of an unknown god.
  1077 | D:2      | Engulfed by a cloud of flame

Vanquished Creatures
  4 bats (D:1)
  5 endoplasms (D:1)
  4 goblins
  2 hobgoblins (D:1)
  A quokka (D:1)
  2 frilled lizards (D:1)
  6 kobolds (D:1)
  A rat (D:1)
25 creatures vanquished.

Table legend:
 A = Non-vault XP
 B = Vault XP
 C = Vault XP percentage of total XP
 D = Non-vault monster count
 E = Vault monster count
 F = Vault count percentage of total count
                 A         B        C        D         E       F
            +---------+---------+-------+---------+---------+-------
      Total |      41 |       0 |   0.0 |      25 |       0 |   0.0
            +---------+---------+-------+---------+---------+-------
        D:1 |      39 |       0 |   0.0 |      24 |       0 |   0.0
        D:2 |       2 |       0 |   0.0 |       1 |       0 |   0.0
            +---------+---------+-------+---------+---------+-------

Illustrated notes

Table legend:
 A = Kills in this place as a percentage of kills in entire the game.
 B = Kills by you in this place as a percentage of kills by you in the entire game.
 C = Kills by friends in this place as a percentage of kills by friends in the entire game.
 D = Other kills in this place as a percentage of other kills in the entire game.
 E = Experience gained in this place as a percentage of experience gained in the entire game.
 F = Experience gained in this place divided by the number of levels of this place that you have seen.
                   A       B       C       D       E      F
               +-------+-------+-------+-------+-------+----------------------
         Total | 100.0 | 100.0 |   N/A |   N/A | 100.0 |  20.5
       Dungeon | 100.0 | 100.0 |   N/A |   N/A | 100.0 |  20.5
               +-------+-------+-------+-------+-------+----------------------

Table legend: (Time is in decaauts)
 A = Elapsed time spent in this place.
 B = Non-inter-level travel time spent in this place.
 C = Inter-level travel time spent in this place.
 D = Time resting spent in this place.
 E = Time spent auto-exploring this place.
 F = Levels seen in this place.
 G = Mean time per level.
                   A        B        C        D        E       F      G
               +--------+--------+--------+--------+--------+-----+--------+
         Total |   1102 |   1038 |     64 |     42 |    804 |   2 |  551.0 |
       Dungeon |   1102 |   1038 |     64 |     42 |    804 |   2 |  551.0 |
               +--------+--------+--------+--------+--------+-----+--------+

Top non-repeatable levels by time:
     D:1: 1093 daAuts
     D:2: 9 daAuts
